Unix xNetHack Version 8.0.0 - last build Jan 14 2024 16:46:22 (be4d3c81716514284228e1a23197c27ddb32b841). Game began 2024-02-27 11:30:30, ended 2024-02-27 14:52:17. nmlkj, chaotic male human Wizard ---- --- |..| --..---..| |........-- --...^....---------- |-.........%.)...... ##..........%))..)... |-..--.--.--......-- ##- |...| ---|......- ------ |..---...| ----... |....-- |..%.....- --. - --.|...| --.-----. ..#----..|-.-- |.-- ..j^--..--|.--- |..| ...@a.a----...- -------.--- ....---- |.....----...---...- ... |....-..............- ..` |......----......... --.----- ---.----- --- --- Nmlkj the Thaumaturge St:25 Dx:12 Co:16 In:18 Wi:8 Ch:12 Chaotic S:2347 Dlvl:7 $:23 HP:0(52) Pw:23(46) AC:8 Xp:6/506 T:2016 Satiated Deaf Latest messages: You kill the gnome! You see here a whistle. x - a whistle {3}. You are momentarily blinded by a flash of light! You hear a deafening roar! A giant ant suddenly appears close by! A giant ant suddenly appears close by! A giant ant suddenly appears next to you! A monkey suddenly appears next to you! In what direction? n The spell hits the monkey! You kill the monkey! The giant ant bites! The giant ant bites! Your legs feel better. You try to feel what is lying here on the floor. You feel here a monkey corpse. You miss the giant ant. The giant ant bites! The giant ant bites! You whack the giant ant. The giant ant bites! You kill the giant ant! The giant ant bites! You miss the giant ant. The giant ant bites! You strike the giant ant. The giant ant bites! In what direction? h The spell misses the giant ant. The spell hits the giant ant! You kill the giant ant! The giant ant bites! In what direction? h The spell misses the giant ant. The giant ant bites! In what direction? h The spell hits the giant ant! You kill the giant ant! You can see again. In what direction? y The spell hits the acid blob! You kill the acid blob! There is a giant ant corpse here; eat it? [ynq] (n) y Blecch! Rotten food! The world spins and goes dark. You are conscious again. The soldier ant bites! The soldier ant stings! You die... Inventory: Inventory: 352/1000 weight (23/52 slots) Coins $ - 23 gold pieces {1} Weapons t - a +0 dagger {10} a - a blessed +1 quarterstaff (weapon in hands) {40} Armor p - an uncursed +0 pair of gauntlets of dexterity {10} l - an uncursed +0 pair of gauntlets of power (being worn) {23} b - an uncursed +0 cloak of magic resistance (being worn) {8} Comestibles n - a cursed food ration {20} m - 2 uncursed pancakes {4} i - 2 uncursed tins of stir fried kobold meat {20} h - a cursed egg {1} Scrolls r - a blessed scroll of enchant weapon {5} k - an uncursed scroll of light {5} q - a blessed scroll of remove curse {5} o - an uncursed scroll of remove curse {5} Spellbooks f - an uncursed spellbook of clairvoyance {40} c - a blessed spellbook of force bolt {35} d - a blessed spellbook of magic missile {40} e - an uncursed spellbook of remove curse {45} Wands g - a wand of opening (0:8) {7} Tools w - an uncursed oil lamp (lit) {20} x - an uncursed pea whistle {3} u - an uncursed stethoscope {4} Gems/Stones s - an uncursed jasper stone {1} j - an uncursed worthless piece of orange glass {1} Nmlkj the Wizard's attributes: Background: You were a Thaumaturge, a level 6 male human Wizard. You were chaotic, nominally on a mission for Anhur who was opposed by Ptah (lawful) and Thoth (neutral). You were heterosexual. You were in the Gnomish Mines, on level 7. You entered the dungeon 2016 turns ago. You had 506 experience points, 134 more were needed to attain level 7. Your score was 2347 before end-of-game adjustments. Basics: You had 0 out of 52 hit points. You had 23 out of 46 energy points (spell power). Your armor class was 8. Your wallet contained 23 zorkmids. Autopickup was on for '$' plus thrown. Final Characteristics: Your strength was 25 (base:9, innate limit:18/100). Your dexterity was 12 (limit:18). Your constitution was 16 (limit:18). Your intelligence was 18 (limit:18). Your wisdom was 8 (limit:18). Your charisma was 12 (limit:18). Final Status: You were deaf. You were satiated. You were unencumbered. You were wielding a quarterstaff. You had basic skill with quarterstaff. Final Attributes: You were piously aligned. You were magic-protected. You were telepathic. You were warded. You are dead. Miscellaneous: You disabled loading of bones levels. Total elapsed playing time was 10 minutes and 5 seconds. Major events: Turn 1: nmlkj the chaotic male human Wizard entered the dungeon 576: entered the Gnomish Mines 589: attained the rank of Conjurer (level 3) 1623: attained the rank of Thaumaturge (level 6) 2016: killed by a soldier ant Vanquished creatures: a wood nymph 3 gnome leaders 2 gnomish wizards 3 giant ants a kitten 7 dwarves a monkey an acid blob a hobbit 2 giant rats a brown mold 34 gnomes a gnome zombie 2 geckos a jackal a fox a kobold a goblin 2 sewer rats 2 grid bugs a lichen 2 newts 71 creatures vanquished. No species were genocided or became extinct. Voluntary challenges: You were an atheist. You were illiterate. You never genocided any monsters. You never polymorphed an object. You never changed form. You never touched an artifact. You used no wishes. You never scared an enemy with impunity. You were celibate. You never generated conflict. Achievements: You entered the Gnomish Mines. You attained the rank of Conjurer. You attained the rank of Thaumaturge. You entered a shop. Dungeon overview: The Dungeons of Doom: levels 1 to 4 Level 1: Some fountains. Level 2: Level 3: Stairs down to The Gnomish Mines. Level 4: The Gnomish Mines: levels 4 to 7 Level 4: Level 5: Level 6: Some shops, an altar, some fountains. Level 7: <- You were here. Final resting place for you, killed by a soldier ant. Game over: __________ / \ / REST \ / IN \ / PEACE \ / \ | nmlkj | | 23 Au | | killed by a | | soldier ant | | | | | | 2024 | *| * * * | * _________)/\\_//(\/(/\)/\//\/|_)_______ Goodbye nmlkj the Wizard... You died in The Gnomish Mines on dungeon level 7 with 2345 points, and 23 pieces of gold, after 2016 moves. You were level 6 with a maximum of 52 hit points when you died.